 Dungeon Crawl Stone Soup version 0.21.1-1-g345015f (webtiles) character file.

32 shakethe the Chopper (level 3, -1/28 HPs)
             Began as a Formicid Warper on Feb 7, 2018.
             Slain by an adder (2 damage)
             ... on level 1 of the Dungeon.
             The game lasted 00:04:41 (1321 turns).

shakethe the Chopper (Formicid Warper)              Turns: 1321, Time: 00:04:42

Health: -1/28      AC:  8    Str: 15    XL:     3   Next: 45%
Magic:  6/6        EV:  7    Int: 12    God:
Gold:   65         SH:  0    Dex: 11    Spells: 6/6 levels left

rFire    . . .     SeeInvis +   a - +0 hand axe
rCold    . . .     Gourm    .   (no shield)
rNeg     . . .     Faith    .   l - +0 chain mail
rPois    .         Spirit   .   (helmet unavailable)
rElec    .         Reflect  .   j - scarf {cloud immunity}
rCorr    .         Harm     .   (no gloves)
MR       .....                  (no boots)
Stlth    ..........             (no amulet)
HPRegen  0.09/turn              (no ring)
MPRegen  0.10/turn              (no ring)

@: lethally poisoned (-1 -> -5)
A: permanent stasis, dig shafts and tunnels, four strong arms, antennae 3
a: Dig, Shaft Self


You were on level 1 of the Dungeon.
You were very hungry.

You visited 1 branch of the dungeon, and saw 2 of its levels.

You collected 65 gold pieces.

Inventory:

Hand Weapons
 a - a +0 hand axe (weapon)
Armour
 b - a +0 leather armour
 g - a +0 scale mail
 j - a scarf of cloud immunity (worn)
 l - a +0 chain mail (worn)
Scrolls
 d - a scroll of blinking
 i - a scroll of fog {unknown}
 k - a scroll of amnesia {unknown}
Potions
 e - a potion of cancellation {unknown}
 h - 2 potions of heal wounds {unknown}
Books
 c - a book of Spatial Translocations

   Spells                             Type                      Level
   a - Blink                          Translocation                2
   b - Shroud of Golubria             Charms/Translocation         2
   c - Lesser Beckoning               Translocation                3
   d - Gell's Gravitas                Translocation                3
   e - Teleport Other                 Translocation                3
   f - Passage of Golubria            Translocation                4
Comestibles
 f - 2 rations


   Skills:
 + Level 2.6 Fighting
 * Level 2.7 Axes
 - Level 1.0 Throwing
 + Level 1.7 Armour
 + Level 2.1 Dodging
 - Level 2.1 Spellcasting
   Level 2.6 Translocations


You had 6 spell levels left.
You didn't know any spells.

Dungeon Overview and Level Annotations

Branches:
Dungeon (2/15)

Altars:


Innate Abilities, Weirdness & Mutations

You cannot be hasted, slowed, berserked, paralysed or teleported.
You can dig through walls and to a lower floor.
Your four strong arms can wield two-handed weapons with a shield.
You have a pair of large antennae on your head. (SInv)


Message History

The adder is severely wounded.
* * * LOW HITPOINT WARNING * * *
You feel sick. The adder barely misses you.
The adder bites you but does no damage.
You closely miss the adder.
The adder is severely wounded.
The adder closely misses you.
You barely miss the adder.
The adder is severely wounded.
* * * LOW HITPOINT WARNING * * *
You feel sick. The adder bites you but does no damage.
The adder barely misses you.
You closely miss the adder.
The adder is severely wounded.
* * * LOW HITPOINT WARNING * * *
You feel sick. The adder bites you but does no damage.
You miss the adder.
The adder is severely wounded.
The adder bites you.
You die...

#.......##....#.#.........#
#.......####'#..#.#.#######
#.......# #.#......#
##......# #.#..#.###
#......# #.#..#.#
#......####.#..#.#
##########.......#..#.#
......# ######S.#..#.#
#####.# #.@#..#.# #.#
#..#..#.####### #.#
#..#..........# #.#
#..#..#.#####.# #.#
#..#.#......#.#
#.#########..#...).#..#.#
#................#....#.#
####################.##.#
#.............#


You could see an adder.

Vanquished Creatures
  A gnoll (D:1)
  2 dart slugs (D:1)
  A leopard gecko (D:1)
  3 goblins
  2 hobgoblins (D:1)
  5 kobolds
  A bat (D:1)
  2 frilled lizards
  A rat (D:1)
18 creatures vanquished.

Notes
Turn   | Place    | Note
-------+----------+-------------------------------------------
     0 | D:1      | shakethe the Formicid Warper began the quest for the Orb.
     0 | D:1      | Reached XP level 1. HP: 16/16 MP: 3/3
   229 | D:1      | Reached XP level 2. HP: 23/23 MP: 5/5
   792 | D:1      | Reached XP level 3. HP: 15/28 MP: 6/6
  1320 | D:1      | HP: 1/28 [poisoned by an adder]
  1321 | D:1      | Slain by an adder

Skill      XL: |  1  2 |
---------------+-------+-----
Dodging        | 2 |  2.1
Fighting       | |  2.6
Axes           | |  2.7
Throwing       | |  1.0
Armour         | |  1.7
Spellcasting   | |  2.1
Translocations | |  2.6

Action                   || total
-------------------------++-------
Melee: Hand axe          ||    79
Throw: Tomahawk          ||     5
Armor: Scale mail        ||    23
       Chain mail        ||    15
Dodge: Dodged            ||    32
